 Dungeon Crawl Stone Soup version 0.22.0-38-g04b72b8 (webtiles) character file.

10845 JeffiDaFish the Geomancer (level 11, -7/156 HPs)
             Began as a Troll Earth Elementalist on Aug 30, 2018.
             Was a High Priest of Vehumet.
             Killed from afar by Erica (17 damage)
             ... with a bolt of poison
             ... on level 1 of the Lair of Beasts.
             The game lasted 00:32:40 (10759 turns).

JeffiDaFish the Geomancer (TrEE)                   Turns: 10759, Time: 00:32:40

Health: -7/156     AC:  9    Str: 24      XL:     11   Next: 41%
Magic:  2/18       EV: 14    Int: 12 (13) God:    Vehumet [*****.]
Gold:   737        SH:  0    Dex: 12 (13) Spells: 2/20 levels left

rFire    . . .     SeeInvis .     - Unarmed
rCold    . . .     Gourm    +   (no shield)
rNeg     . . .     Faith    .   c - +2 robe
rPois    .         Spirit   .   (helmet restricted)
rElec    .         Reflect  .   (no cloak)
rCorr    .         Harm     .   (gloves unavailable)
MR       .....                  (boots unavailable)
Stlth    ..........             t - amulet of regeneration
HPRegen  1.16/turn              A - +3 ring of dexterity
MPRegen  0.16/turn              o - ring of wizardry

@: confused, berserking (expiring), lethally poisoned (-7 -> -8), very quick
A: large, unfitting armour, claws 3, repulsion field 1, molten scales 1,
deterioration 1, fast metabolism 3, gourmand, regeneration 1, shaggy fur 1,
tough skin 2
a: Renounce Religion


You were on level 1 of the Lair of Beasts.
You worshipped Vehumet.
Vehumet was extremely pleased with you.
You were very full.

You visited 3 branches of the dungeon, and saw 13 of its levels.
You also visited: Ossuary.

You collected 737 gold pieces.

Inventory:

Missiles
 b - 185 stones (quivered)
Armour
 c - a +2 robe (worn)
Jewellery
 o - a ring of wizardry (right claw)
 r - an uncursed ring of protection from magic
 t - an amulet of regeneration (around neck)
 u - a +2 ring of evasion
 z - an uncursed ring of see invisible
 A - a +3 ring of dexterity (left claw)
Wands
 j - a wand of paralysis (24)
 n - a wand of acid (9)
 s - a wand of enslavement (13)
 w - a wand of flame (37)
Scrolls
 a - 2 scrolls of blinking
 e - 7 scrolls of remove curse
 g - 10 scrolls of identify
 i - a scroll of fear
 k - 4 scrolls of enchant weapon
 l - a scroll of enchant armour
 q - a scroll of summoning
 v - 5 scrolls of teleportation
Potions
 f - a potion of heal wounds
 m - 4 potions of haste
 p - 2 potions of agility
 B - a potion of might
Miscellaneous
 y - a phial of floods (inert)
Comestibles
 d - 23 rations
 C - 6 chunks of flesh


   Skills:
 + Level 5.4 Fighting
 + Level 5.7 Dodging
 - Level 1.1 Stealth
 + Level 8.4 Unarmed Combat
 + Level 5.3 Spellcasting
   Level 0.6 Transmutations
 * Level 9.9 Earth Magic


You had 2 spell levels left.
You knew the following spells:

 Your Spells              Type           Power        Failure   Level  Hunger
a - Sandblast             Erth           ####..       1%          1    None
b - Stone Arrow           Conj/Erth      ###...       1%          3    ###....
c - Lee's Rapid Deconstr  Erth           ####......   1%          5    ######.
d - Force Lance           Conj/Tloc      #.......     19%         4    ####...
e - Bolt of Magma         Conj/Fire/Erth ##........   14%         5    ######.

Your spell library contained the following spells:

 Spells                   Type           Power        Failure   Level  Hunger
 Passwall                 Tmut/Erth      ###.....     1%          2    ##.....
 Summon Small Mammal      Summ           #...         8%          1    None
 Call Imp                 Summ           #.......     12%         2    ##.....
 Petrify                  Tmut/Erth      ###.....     9%          4    ####...
 Call Canine Familiar     Summ           #.......     22%         3    ###....
 Summon Guardian Golem    Hex/Summ       #.......     22%         3    ###....
 Summon Ice Beast         Ice/Summ       #.......     56%         4    ####...
 Summon Lightning Spire   Summ/Air       #.......     56%         4    ####...


Dungeon Overview and Level Annotations

Branches:
Dungeon (11/15)            Temple (1/1) D:4            Lair (1/6) D:11
    Orc: D:9-12

Altars:
Ashenzari
Cheibriados
Dithmenos
Elyvilon
Fedhas
Gozag
Hepliaklqana
Kikubaaqudgha
Nemelex Xobeh
Qazlal
Ru
Sif Muna
Trog
Vehumet
Wu Jian
Xom
Yredelemnul
The Shining One

Shops:
D:11 :

Annotations:
D:7 1 runed door, yevrey's ghost, novice DrTm
Lair:1 Erica


Innate Abilities, Weirdness & Mutations

You are too large for most types of armour.
You have claws for hands.
Your metabolism is lightning-fast.
You like to eat raw meat.
Your natural rate of healing is unusually fast.
You are covered in fur. (AC +1)
You have very tough skin. (AC +2)
You are surrounded by a mild repulsion field. (EV +2)
You are partially covered in molten scales. (AC +2)
Your body sometimes deteriorates upon taking damage.


Message History

The blast of sand misses the spiny frog.
b - 185 stones You feel sick.
A spiny frog comes into view.
The spiny frog stings you!!
* * * LOW HITPOINT WARNING * * *
Erica points at you and mumbles some strange words.
You are confused.
You're too confused to cast spells.
You're too confused!
Unknown command.
A red film seems to cover your vision as you go berserk!
You feel yourself moving faster!
You feel mighty!
You feel sick. The spiny frog closely misses you.
Erica hits you but does no damage.
You feel a strong urge to attack something.
You feel sick. The spiny frog misses you. Erica gestures at you while chanting.
The bolt of poison hits the spiny frog.
The bolt of poison hits you!
You are more poisoned.
You die...

##..### . P..... ....
#..#.## .... #..#..#
..... #..#F.#......
#..#.@#...... ## ###
##.......##
.#.####.####....F.#..#
...............+@...##
####...##.####.#..#.#
#...#### #.#..#.#
##...# ..#.## P #P...#
#.... ## #....## #
#.... ##....#P### ....
#.......... .....
##.........


You could see Erica and 2 spiny frogs.

Vanquished Creatures
  A two-headed ogre (D:10)
  A manticore (D:10)
  2 spiny frogs (Lair:1)
  The ghost of quill the Chiller, a novice BaIE of Cheibriados (D:6)
  A troll (D:11)
  4 blink frogs (Lair:1)
  4 hippogriffs
  A wyvern (Lair:1)
  5 yaks (D:11)
  A hungry ghost (D:9)
  A water moccasin (Lair:1)
  3 orc warriors
  4 ice beasts
  A necrophage (D:8)
  A black bear (D:6)
  8 ogres
  5 phantoms
  10 centaurs
  A wyvern zombie (D:11)
  9 bullfrogs
  A gnoll sergeant (D:9)
  2 scorpions
  3 wights (D:9)
  2 howler monkeys
  7 crimson imps
  A bullfrog zombie (D:6)
  3 centaur zombies
  3 hounds
  5 jellies
  5 quasits
  A bullfrog skeleton (D:8)
  A human zombie (Ossuary)
  3 centaur skeletons
  7 orc priests
  4 orc wizards
  8 iguanas
  6 worker ants
  A big kobold zombie (Ossuary)
  3 mummies
  3 hound skeletons
  2 worker ant zombies (D:8)
  14 adders
  5 gnolls (D:9)
  2 shadow imps
  2 oozes
  2 adder skeletons
  3 adder zombies
  3 worms
  3 dart slugs
  5 leopard geckos
  20 orcs
  6 bats
  6 giant cockroaches
  5 goblins
  12 hobgoblins
  15 jackals
  5 quokkas
  3 ball pythons
  3 frilled lizards
  9 hobgoblin zombies (Ossuary)
  A jackal skeleton (D:4)
  3 kobolds
  13 kobold zombies
  A leopard gecko skeleton (D:6)
  12 orc zombies (Ossuary)
  5 rats
  A rat zombie (Ossuary)
  A fungus (D:1)
295 creatures vanquished.

Vanquished Creatures (collateral kills)
  An ugly thing (D:11)
1 creature vanquished.

Vanquished Creatures (others)
  A quasit (D:6)
1 creature vanquished.

Grand Total: 297 creatures vanquished

Notes
Turn   | Place    | Note
-------+----------+-------------------------------------------
     0 | D:1      | JeffiDaFish the Troll Earth Elementalist began the quest for the Orb.
     0 | D:1      | Reached XP level 1. HP: 16/16 MP: 1/1
    92 | D:1      | Reached XP level 2. HP: 24/24 MP: 3/3
   160 | D:1      | Reached skill level 3 in Earth Magic
  1085 | D:2      | Reached XP level 3. HP: 31/31 MP: 0/4
  1343 | D:2      | Found an ancient bone altar of Kikubaaqudgha.
  1630 | D:2      | Reached XP level 4. HP: 27/40 MP: 1/5
  2022 | D:3      | Reached skill level 1 in Unarmed Combat
  2265 | D:3      | Learned a level 3 spell: Stone Arrow
  2372 | D:3      | Reached XP level 5. HP: 43/46 MP: 2/7
  2459 | D:3      | Reached skill level 1 in Fighting
  2868 | D:4      | Noticed an ogre
  2877 | D:4      | Killed an ogre
  2877 | D:4      | Reached skill level 4 in Earth Magic
  2877 | D:4      | Reached XP level 6. HP: 37/55 MP: 0/8
  3206 | D:4      | Found a staircase to the Ecumenical Temple.
  3215 | Temple   | Entered the Ecumenical Temple
  3258 | Temple   | Became a worshipper of Vehumet
  3642 | D:4      | Reached XP level 7. HP: 56/65 MP: 2/10
  3997 | D:5      | Entered Level 5 of the Dungeon
  4223 | D:5      | Reached skill level 5 in Earth Magic
  4369 | D:5      | Reached XP level 8. HP: 73/74 MP: 10/12
  4463 | D:5      | Learned a level 5 spell: Lee's Rapid Deconstruction
  4484 | D:5      | Found a sand-covered staircase.
  4491 | Ossuary  | Entered an ossuary
  4511 | Ossuary  | Reached * piety under Vehumet
  4511 | Ossuary  | Offered knowledge of Flame Tongue by Vehumet.
  4663 | Ossuary  | Offered knowledge of Sting by Vehumet.
  4676 | Ossuary  | Reached ** piety under Vehumet
  5036 | D:5      | Reached skill level 5 in Unarmed Combat
  5165 | D:5      | Reached skill level 6 in Earth Magic
  5392 | D:6      | Found a transporter.
  5401 | D:6      | Noticed quill's ghost (novice BaIE)
  5446 | D:6      | Offered knowledge of Static Discharge by Vehumet.
  5831 | D:6      | Found a transporter.
  5841 | D:6      | Reached XP level 9. HP: 78/80 MP: 13/13
  6123 | D:6      | Reached *** piety under Vehumet
  6364 | D:6      | Found a sparkling altar of Nemelex Xobeh.
  6528 | D:7      | Reached skill level 7 in Earth Magic
  6680 | D:7      | Gained mutation: You are surrounded by a mild repulsion field. (EV +2) [potion of mutation]
  6680 | D:7      | Gained mutation: Your body sometimes deteriorates upon taking damage. [potion of mutation]
  6680 | D:7      | Gained mutation: You are partially covered in molten scales. (AC +2) [potion of mutation]
  6949 | D:7      | Found a runed door.
  6949 | D:7      | Found a shimmering altar of Xom.
  6949 | D:7      | Noticed yevrey's ghost (novice DrTm)
  6949 | D:7      | Noticed a scimitar of chaos
  6967 | D:7      | Offered knowledge of Force Lance by Vehumet.
  6980 | D:7      | Learned a level 4 spell: Force Lance
  7467 | D:8      | Found a shimmering altar of Xom.
  7546 | D:8      | Found an opulent altar of Gozag.
  7546 | D:8      | Found a white marble altar of Elyvilon.
  7598 | D:8      | Reached **** piety under Vehumet
  7646 | D:8      | Found a basalt altar of Yredelemnul.
  7960 | D:9      | Reached XP level 10. HP: 81/92 MP: 15/15
  7964 | D:9      | Reached skill level 8 in Earth Magic
  8280 | D:9      | Found a shadowy altar of Dithmenos.
  8336 | D:9      | Offered knowledge of Bolt of Magma by Vehumet.
  8351 | D:9      | Learned a level 5 spell: Bolt of Magma
  8633 | D:10     | Entered Level 10 of the Dungeon
  8847 | D:6      | Killed quill's ghost
  9236 | D:10     | Noticed a manticore
  9245 | D:10     | Killed a manticore
  9414 | D:10     | Noticed a two-headed ogre
  9422 | D:10     | Killed a two-headed ogre
  9498 | D:10     | Reached skill level 5 in Dodging
  9727 | D:11     | Reached skill level 9 in Earth Magic
  9803 | D:11     | Reached skill level 5 in Spellcasting
  9853 | D:11     | Found a staircase to the Lair.
  9881 | D:11     | Noticed a brown ugly thing
  9894 | D:11     | Killed a brown ugly thing
 10057 | D:11     | Reached XP level 11. HP: 101/101 MP: 17/17
 10131 | D:11     | Found Tovysepo's Book Shop.
 10259 | D:11     | Reached skill level 5 in Fighting
 10534 | Lair:1   | Entered Level 1 of the Lair of Beasts
 10624 | Lair:1   | Reached ***** piety under Vehumet
 10743 | Lair:1   | Noticed Erica
 10759 | Lair:1   | Killed from afar by Erica

Skill      XL: |  1  2  3  4  5  6  7  8  9 10 11 |
---------------+----------------------------------+-----
Earth Magic    | 3 4 5 6 7 9 |  9.9
Dodging        | 2 3 4 5 |  5.7
Unarmed Combat | 1 2 3 4 5 6 7 8 |  8.4
Spellcasting   | 2 3 4 5 |  5.3
Fighting       | 1 2 3 4 5 |  5.4
Stealth        | |  1.1
Transmutations | |  0.6

Action                   |  1- 3 |  4- 6 |  7- 9 | 10-12 || total
-------------------------+-------+-------+-------+-------++-------
Melee: Unarmed           |   132 |   153 |   460 |   224 ||   969
       Punch             |       |     1 |    12 |     5 ||    18
 Cast: Sandblast         |    15 |    24 |    42 |    26 ||   107
       Stone Arrow       |       |     4 |    37 |    41 ||    82
       Lee's Rapid Decon |       |       |     7 |    10 ||    17
       Bolt of Magma     |       |       |       |     2 ||     2
Evoke: Wand              |       |       |       |     5 ||     5
       Phial of floods   |       |       |       |     1 ||     1
  Use: Scroll            |     6 |       |     8 |     4 ||    18
       Potion            |     3 |       |     7 |     5 ||    15
 Stab: Sleeping          |       |     4 |     2 |       ||     6
       Distracted        |       |       |     1 |       ||     1
  Eat: Chunk             |    19 |    19 |    52 |    34 ||   124
Armor: Robe              |    86 |    58 |   124 |   123 ||   391
Dodge: Dodged            |    98 |    89 |   281 |   261 ||   729
